 Dungeon Crawl Stone Soup version 0.31-a0-1591-g515db51633 (webtiles) character file.

Game seed: 190652645016229670

7511 grandjackal the Slicer (level 10, -1/63 HPs)
             Began as a Vampire Enchanter on Jan 7, 2024.
             Was a Believer of Kikubaaqudgha.
             Slain by a vampire mosquito (5 damage)
             ... on level 9 of the Dungeon.
             The game lasted 00:16:56 (7958 turns).

grandjackal the Slicer (Vampire Enchanter)          Turns: 7958, Time: 00:16:56

Health: -1/63      AC:  8    Str:  7    XL:     10   Next: 95%
Magic:  6/15       EV: 17    Int: 19    God:    Kikubaaqudgha [**....]
Gold:   185        SH:  0    Dex: 18    Spells: 2/16 levels left

rFire   . . .        v - +3 dagger (speed)
rCold   . . .        (no shield)
rNeg    . . .        h - +3 leather armour
rPois   .            (no helmet)
rElec   .            f - +0 cloak
rCorr   .            C - +0 pair of gloves
SInv    +            (no boots)
Will    ++...        (no amulet)
Stlth   +++          j - +5 ring of evasion
HPRegen 0.50/turn    u - ring of willpower
MPRegen 0.14/turn

%: no passive effects
@: confusing by touch, healing quickly
A: alive, fangs 3, see invisible, vampiric 2
a: Exsanguinate, Renounce Religion, Unearth Wretches


You were on level 9 of the Dungeon.
You worshipped Kikubaaqudgha.
Kikubaaqudgha was pleased with you.
You visited 2 branches of the dungeon, and saw 10 of its levels.

You collected 440 gold pieces.
You spent 255 gold pieces at shops.

Inventory:

Hand Weapons
 m - the +8 whip of Disharmony {flame, rF++ Dex+3}
   (You found it on level 2 of the Dungeon)

   Dex+3:     It affects your dexterity (+3).
   rF++:      It greatly protects you from fire.
 v - a +3 dagger of speed (weapon)
Missiles
 l - 21 poisoned darts (quivered)
Armour
 f - a +0 cloak (worn)
 h - a +3 leather armour (worn)
 C - a +0 pair of gloves (worn)
 D - a +0 buckler
 F - the +1 leather armour of Starshine {+Inv rC+ Will++ Int-4}
   (You bought it in a shop on level 9 of the Dungeon)

   Int-4:     It affects your intelligence (-4).
   rC+:       It protects you from cold.
   Will++:    It greatly increases your willpower.
   +Inv:      It lets you turn invisible.
Jewellery
 j - a +5 ring of evasion (left hand)
 u - a ring of willpower (right hand)
 B - a +4 ring of protection
Wands
 a - a wand of flame (37)
 w - a wand of charming (34)
 y - a wand of mindburst (14)
Scrolls
 e - 13 scrolls of identify {unknown}
 g - 2 scrolls of vulnerability
 i - a scroll of summoning {unknown}
 k - 6 scrolls of teleportation
 p - 4 scrolls of blinking {unknown}
 s - a scroll of fog {unknown}
 x - a scroll of enchant weapon {unknown}
 A - a scroll of revelation {unknown}
 G - a scroll of poison {unknown}
Potions
 b - 7 potions of curing {unknown}
 c - 2 potions of invisibility
 d - a potion of cancellation {unknown}
 n - 2 potions of heal wounds {unknown}
 o - 2 potions of brilliance {unknown}
 q - 2 potions of attraction {unknown}
 r - 2 potions of might {unknown}
 t - a potion of haste {unknown}
 z - 2 potions of lignification {unknown}
 E - 2 potions of ambrosia {unknown}


   Skills:
 - Level 10.1 Short Blades
 - Level 2.1 Dodging
 - Level 5.1 Stealth
 + Level 3.6 Spellcasting
 - Level 10.0 Hexes
 + Level 7.9 Necromancy
 + Level 9.4 Ice Magic
 + Level 2.0 Earth Magic


You had 2 spell levels left.
You knew the following spells:

 Your Spells              Type           Power      Damage    Failure   Level
a - Ensorcelled Hibernat  Hex/Ice        80%        N/A       1%          2
b - Confusing Touch       Hex            41%        N/A       1%          3
c - Tukima's Dance        Hex            41%        N/A       1%          3
d - Frozen Ramparts       Ice            78%        1d12      1%          3
e - Passwall              Erth           11%        N/A       28%         3

Your spell library contained the following spells:

 Spells                   Type           Power      Damage    Failure   Level
 Freeze                   Ice            100%       1d10      1%          1
 Sublimation of Blood     Necr           33%        N/A       1%          2
 Kiss of Death            Conj/Necr      72%        2d10      4%          1
 Fugue of the Fallen      Necr           33%        N/A       2%          3
 Vampiric Draining        Necr           33%        2d8       2%          3
 Anguish                  Hex/Necr       18%        N/A       5%          4
 Dazzling Flash           Conj/Hex       44%        N/A       9%          3
 Animate Dead             Necr           33%        N/A       9%          4
 Hailstorm                Conj/Ice       21%        3d7       10%         3
 Dimensional Bullseye     Hex/Tloc       11%        N/A       26%         4
 Stone Arrow              Conj/Erth      14%        3d7       38%         3
 Swiftness                Air            3%         N/A       54%         3
 Animate Armour           Summ/Erth      14%        N/A       80%         4
 Iskenderun's Mystic Bla  Conj/Tloc      3%         2d3       91%         4
 Lehudib's Crystal Spear  Conj/Erth      3%         10d3      100%        8


Dungeon Overview and Level Annotations

Branches:
Dungeon (9/15)             Temple (1/1) D:6             Orc (0/2) D:9
   Lair: D:8-11

Altars:
Ashenzari
Cheibriados
Dithmenos
Fedhas
Gozag
Hepliaklqana
Kikubaaqudgha
Makhleb
Nemelex Xobeh
Okawaru
Qazlal
Ru
Sif Muna
Trog
Uskayaw
Vehumet
Wu Jian
Xom
Yredelemnul

Shops:
D:6 :   D:9 *

Annotations:
D:3 1 runed translucent door, Sundig's ghost, amateur DsFi


Innate Abilities, Weirdness & Mutations

Your natural rate of healing is accelerated.
You have razor-sharp teeth.
You have supernaturally acute eyesight. (SInv)
You are afflicted with vampirism and can become a bat while bloodless.


Message History

The boulder beetle is moderately wounded.
You catch the helpless boulder beetle completely off-guard!
You impale the boulder beetle!!
You bite the boulder beetle, but do no damage.
The boulder beetle is heavily wounded.
A brown ugly thing comes into view.
You catch the helpless boulder beetle completely off-guard!
You impale the boulder beetle!!
The boulder beetle is almost dead.
You hit the boulder beetle but do no damage.
The boulder beetle is almost dead.
You hit the boulder beetle but do no damage.
The boulder beetle is almost dead.
The boulder beetle barely misses you.
You hit the boulder beetle but do no damage.
The boulder beetle is almost dead.
You catch the helpless boulder beetle completely off-guard!
You impale the boulder beetle!!
You kill the boulder beetle!
Kikubaaqudgha accepts your kill.
Your Earth Magic skill increases to level 2!
The vampire mosquito attacks as it pursues you!
The vampire mosquito bites you.
* * * LOW HITPOINT WARNING * * *
The vampire mosquito draws strength from your injuries!
The vampire mosquito bites you.
* * * LOW HITPOINT WARNING * * *
The vampire mosquito draws strength from your injuries!
There is an open door here.
Casting: Confusing Touch (safe; 1% risk of failure)
Confirm with . or Enter, or press ? or * to list all spells.
Your hands begin to glow red.
The vampire mosquito misses you.
You miss the vampire mosquito. You bite the vampire mosquito.
The vampire mosquito is lightly damaged.
The vampire mosquito bites you!
* * * LOW HITPOINT WARNING * * *
The vampire mosquito draws strength from your injuries!
You barely miss the vampire mosquito. The vampire mosquito bites you.
You die...
Kikubaaqudgha rasps: "You have failed me!
Welcome... death!"

.## #[#.#[###.###.#
#......... ##
##.#.###.#.#.###
##.......# #
#..#..#.##.##.#
#.......#
##.....##.....##
##.....##
####..###..#.....#
#.....#. (....)#
##.##...## # ##...##.
####.## #..#...# "#
#.))#.. #.#
##.##.####.# ##)##..
#.######..#.#@yu#
+#.#..)
##.##......##.####
##.##...
#...>.###...#..#
#..##... #..####
###.##.#########.##....
###..#
#..##.........##....)
....##
##..#.###.###.#......
###.#
##.###.....###...... #
#.# #..#.......#.......
# ..#
##.##)†#..##.#...^.


You could see a brown ugly thing and a vampire mosquito.

Vanquished Creatures
  A hydra (D:9)
  A boulder beetle (D:9)
  A cyclops (D:9)
  Maurice (D:9)
  A gargoyle (D:8)
  A hornet (D:8)
  2 yaks (D:9)
  3 wyverns
  2 steam dragons
  An acid dragon (D:9)
  A water moccasin (D:6)
  Duvessa (D:4)
  A sky beast (D:8)
  3 black bears
  5 orc warriors
  An ice beast (D:8)
  5 centaurs
  A phantom (D:5)
  3 kobold brigands
  A bullfrog (D:8)
  6 scorpions
  9 wights
  Dowan (D:4)
  3 bombardier beetles
  3 crimson imps (D:8)
  3 jellies
  4 orc priests
  A hound (D:5)
  5 sleepcaps
  Terence (D:2)
  3 iguanas
  Ijyb (D:5)
  8 orc wizards
  7 gnolls (D:4)
  13 adders
  5 white imps
  A ribbon worm (D:2)
  34 orcs
  3 ball pythons
  8 bats
  2 endoplasms (D:4)
  3 giant cockroaches
  A goblin (D:1)
  6 hobgoblins
  10 jackals
  2 quokkas
  2 training dummies (D:4)
  8 frilled lizards
  20 kobolds
  6 rats
215 creatures vanquished.

Notes
Turn   | Place    | Note
-------+----------+-------------------------------------------
     0 | D:1      | grandjackal the Vampire Enchanter began the quest for the
                  | Orb.
     0 | D:1      | Reached XP level 1. HP: 13/13 MP: 3/3
   292 | D:1      | Found a faded altar of an unknown god.
   368 | D:1      | Reached XP level 2. HP: 19/19 MP: 5/5
   678 | D:2      | Reached skill level 5 in Stealth
   690 | D:2      | Reached skill level 5 in Hexes
   707 | D:2      | Learned a level 2 spell: Ensorcelled Hibernation
   716 | D:2      | Identified the +8 whip of Disharmony {flame, rF++ Dex+3}
   722 | D:2      | Gained mutation: You are afflicted with vampirism and can
                  | become a bat while bloodless. [Vampire growth]
   722 | D:2      | Reached XP level 3. HP: 24/24 MP: 6/6
   792 | D:2      | Noticed Terence
   817 | D:2      | Found a hide-covered altar of Uskayaw.
   824 | D:2      | Killed Terence
   825 | D:2      | Reached skill level 1 in Ice Magic
   825 | D:2      | Reached XP level 4. HP: 30/30 MP: 7/7
  1034 | D:3      | You fall into a shaft and drop 2 floors!
  1034 | D:5      | Entered Level 5 of the Dungeon
  1155 | D:4      | Reached XP level 5. HP: 31/35 MP: 8/8
  1314 | D:4      | Reached XP level 6. HP: 41/41 MP: 9/9
  1847 | D:3      | Learned a level 3 spell: Confusing Touch
  1851 | D:3      | Learned a level 3 spell: Tukima's Dance
  1921 | D:3      | Found the +7 lajatang of Order {silver, rMut}
  2151 | D:3      | Found a runed translucent door.
  2151 | D:3      | Noticed Sundig's ghost (amateur DsFi)
  2394 | D:4      | Noticed Duvessa
  2395 | D:4      | Noticed Dowan
  2404 | D:4      | Killed Duvessa
  2405 | D:4      | Reached XP level 7. HP: 41/46 MP: 5/10
  2407 | D:4      | Killed Dowan
  2522 | D:4      | Found a shimmering blue altar of Sif Muna.
  2568 | D:4      | Reached skill level 5 in Short Blades
  3125 | D:5      | Noticed Ijyb
  3135 | D:5      | Killed Ijyb
  3284 | D:5      | Found a snail-covered altar of Cheibriados.
  3284 | D:5      | Found a sacrificial altar of Ru.
  3771 | D:6      | Reached XP level 8. HP: 52/52 MP: 11/11
  3861 | D:6      | Reached skill level 5 in Ice Magic
  3946 | D:6      | Found Ido Qeod's Self-Published Books.
  4005 | D:6      | Found a basalt altar of Yredelemnul.
  4491 | D:6      | Found a staircase to the Ecumenical Temple.
  4500 | Temple   | Entered the Ecumenical Temple
  4518 | Temple   | Became a worshipper of Kikubaaqudgha
  4713 | D:6      | Reached skill level 10 in Hexes
  5139 | D:7      | Reached skill level 1 in Necromancy
  5169 | D:7      | Learned a level 3 spell: Frozen Ramparts
  5227 | D:7      | Reached XP level 9. HP: 57/57 MP: 7/12
  5786 | D:7      | Reached * piety under Kikubaaqudgha
  5786 | D:7      | Received a gift from Kikubaaqudgha
  6362 | D:8      | Noticed a gargoyle
  6385 | D:8      | Killed a gargoyle
  6386 | D:8      | Reached skill level 5 in Necromancy
  6704 | D:8      | Reached XP level 10. HP: 59/63 MP: 3/13
  6945 | D:8      | Found an ornate altar of the Wu Jian Council.
  7232 | D:9      | Reached ** piety under Kikubaaqudgha
  7287 | D:9      | Noticed a cyclops
  7289 | D:9      | Noticed a seven-headed hydra
  7369 | D:9      | Found a staircase to the Orcish Mines.
  7384 | D:9      | Noticed Maurice
  7479 | D:9      | Found Afuphuci's Assorted Antiques.
  7487 | D:9      | Bought a golden potion for 21 gold pieces
  7487 | D:9      | Bought a golden potion for 21 gold pieces
  7487 | D:9      | Bought a scroll labelled YSKUTE ICRAI for 24 gold pieces
  7487 | D:9      | Bought a fizzy cyan potion for 21 gold pieces
  7487 | D:9      | Bought a glimmering leather armour for 168 gold pieces
  7487 | D:9      | Identified the +1 leather armour of Starshine {+Inv rC+
                  | Will++ Int-4} (You bought it in a shop on level 9 of the
                  | Dungeon)
  7518 | D:9      | Killed a seven-headed hydra
  7519 | D:9      | Reached skill level 10 in Short Blades
  7678 | D:9      | Killed a cyclops
  7684 | D:9      | Killed Maurice
  7696 | D:9      | Learned a level 3 spell: Passwall
  7743 | D:9      | Reached skill level 1 in Earth Magic
  7938 | D:9      | Noticed a boulder beetle
  7949 | D:9      | Noticed a brown ugly thing
  7954 | D:9      | Killed a boulder beetle
  7958 | D:9      | Slain by a vampire mosquito

Illustrated notes

Levels and vault maps discovered:
D:1:      minmay_arrival_solitary_statue, layout_loops_cross,
          dreamdust_ecumenical_altar_statues
D:2:      layout_rooms, basic_altar, uniq_terence
D:3:      layout_basic, ebering_ghost_inner_flame
D:4:      dreamdust_elfheim, layout_basic, old_standard_altar,
          kennysheep_generic_room_4
D:5:      layout_loops_corners, mainiacjoe_overflow_divided_tiny,
          minmay_misc_feat_doors, uniq_ijyb
D:6:      layout_gridville, kennysheep_ying_yang, lemuel_temple_firewalk_b,
          nicolae_custom_books
D:7:      old_forge, layout_cave_pools
D:8:      layout_basic, mainiacjoe_overflow_six_doors_small, serial_rivers,
          chequers_serial_rivers_large_b, chequers_serial_rivers_micro_a,
          chequers_serial_rivers_marsh, chequers_serial_rivers_micro_d,
          chequers_serial_rivers_small_a, minmay_fire_ice_demons
D:9:      minmay_the_grid_triangle_9x9_recursive_2
          [minmay_the_grid_triangle_9x9_prize_special,
          minmay_the_grid_triangle_9x9_empty,
          minmay_the_grid_triangle_9x9_warning,
          minmay_the_grid_triangle_9x9_dagger], layout_rooms, serial_shops,
          shop, uniq_maurice
Temple:   nicolae_temple_elliptical

Skill      XL: |  1  2  3  4  5  6  7  8  9 10 |
---------------+-------------------------------+-----
Stealth        | 5 |  5.1
Short Blades   | 2 3 4 5 7 9 10 | 10.1
Hexes          | 5 6 7 8 10 | 10.0
Ice Magic      | 1 2 3 4 6 8 9 |  9.4
Necromancy     | 2 5 7 |  7.9
Spellcasting   | 3 |  3.6
Earth Magic    | 2 |  2.0
Dodging        | |  2.1

Action                     |  1- 3 |  4- 6 |  7- 9 | 10-12 || total
---------------------------+-------+-------+-------+-------++-------
  Melee: Dagger            |    62 |    37 |   392 |   147 ||   638
         Bite              |     4 |     9 |    55 |    25 ||    93
         Whip              |    16 |   100 |    24 |       ||   140
         Punch             |       |     2 |     8 |     1 ||    11
   Cast: Ensorcelled Hiber |       |     6 |    33 |    25 ||    64
         Confusing Touch   |       |     1 |    22 |     3 ||    26
         Frozen Ramparts   |       |       |     2 |       ||     2
  Evoke: Wand              |       |       |       |     1 ||     1
    Use: Scroll            |       |       |       |     2 ||     2
   Stab: Sleeping          |     6 |    11 |    31 |    17 ||    65
         Confused          |       |     1 |    21 |     4 ||    26
         Distracted        |       |       |       |     1 ||     1
 Armour: Leather armour    |    29 |    49 |    98 |    60 ||   236
         Robe              |     2 |       |       |       ||     2
  Dodge: Dodged            |    74 |   117 |   165 |    82 ||   438

Table legend: (Time is in decaauts)
 A = Elapsed time spent in this place.
 B = Non-inter-level travel time spent in this place.
 C = Inter-level travel time spent in this place.
 D = Time resting spent in this place.
 E = Time spent auto-exploring this place.
 F = Levels seen in this place.
 G = Mean time per level.
                   A        B        C        D        E       F      G
               +--------+--------+--------+--------+--------+-----+--------+
         Total |   7658 |   7442 |    216 |    991 |   4510 |  10 |  765.8 |
       Dungeon |   7632 |   7423 |    209 |    991 |   4510 |   9 |  848.0 |
        Temple |     25 |     18 |      7 |      0 |      0 |   1 |   25.0 |
               +--------+--------+--------+--------+--------+-----+--------+

Top non-repeatable levels by time:
     D:4: 1244 daAuts
     D:6: 1238 daAuts
     D:8: 1171 daAuts
     D:5: 1017 daAuts
     D:7: 880 daAuts
     D:9: 682 daAuts
     D:1: 643 daAuts
     D:2: 381 daAuts
     D:3: 371 daAuts
  Temple: 25 daAuts
